 Dungeon Crawl Stone Soup version 0.27.1-1-g398f81649c (webtiles) character file.

Game seed: 1976657506765973892

60 nxtlvl the Chopper (level 3, -7/46 HPs)
             Began as a Draconian Berserker on Sept 8, 2021.
             Was a Follower of Trog.
             Mangled by a crimson imp (17 damage)
             ... on level 3 of the Dungeon.
             The game lasted 00:03:00 (395 turns).

nxtlvl the Chopper (Draconian Berserker)             Turns: 395, Time: 00:03:01

Health: -7/46      AC:  6    Str: 19    XL:     3   Next: 82%
Magic:  3/3        EV: 12    Int:  7    God:    Trog [*.....]
Gold:   30         SH:  0    Dex: 11    Spells: 2/2 levels left

rFire    . . .     SeeInvis .   a - +0 hand axe
rCold    . . .     Faith    .   (no shield)
rNeg     . . .     Spirit   .   (armour unavailable)
rPois    .         Reflect  .   (helmet restricted)
rElec    .         Harm     .   c - +0 cloak
rCorr    .         Rampage  .   (no gloves)
Will     .....                  (no boots)
Stlth    ..........             (no amulet)
HPRegen  0.15/turn              (no ring)
MPRegen  0.08/turn              (no ring)

@: berserking, very quick
A: AC +5, unfitting armour, cold-blooded
a: Renounce Religion, Berserk


You were on level 3 of the Dungeon.
You worshipped Trog.
Trog was aware of your devotion.
You visited 1 branch of the dungeon, and saw 4 of its levels.

You collected 30 gold pieces.

Inventory:

Hand Weapons
 a - a +0 hand axe (weapon)
Missiles
 b - 19 poisoned darts (quivered)
 f - 17 sling bullets
Armour
 c - a +0 cloak (worn)
Potions
 d - 2 potions of curing {unknown}
 e - a potion of degeneration {unknown}
 g - a potion of lignification {unknown}


   Skills:
 - Level 3.2 Fighting
 * Level 4.8 Axes
 - Level 2.6 Dodging


You had 2 spell levels left.
You didn't know any spells.
Your spell library contained the following spells:

 Spells                   Type           Power      Damage    Failure   Level
 Tukima's Dance           Hex            0%         N/A       80%         3
 Passage of Golubria      Tloc           N/A        N/A       99%         4
 Yara's Violent Unravell  Hex/Tmut       0%         3d3       100%        5


Dungeon Overview and Level Annotations

Branches:
Dungeon (4/15)
 Temple: D:4-7

Altars:
Gozag
Yredelemnul

Shops:
D:4 (


Innate Abilities, Weirdness & Mutations

Your plain brown scales are hard. (AC +5)
You cannot fit into any form of body armour.
You are cold-blooded and may be slowed by cold attacks.


Message History

* * * LOW HITPOINT WARNING * * *
You hit the crimson imp.
The crimson imp is moderately wounded.
You completely miss the hobgoblin. The hobgoblin barely misses you.
You barely miss the crimson imp.
Your tail-slap misses the crimson imp.
The crimson imp is moderately wounded.
You hit the hobgoblin.
The crimson imp blinks! x2
The hobgoblin barely misses you.
You slash the hobgoblin!
You kill the hobgoblin!
Trog accepts your kill.
You slash the crimson imp! The crimson imp barely misses you.
You barely miss the crimson imp.
Your tail-slap misses the crimson imp.
The crimson imp is severely wounded.
You closely miss the crimson imp. x2
The crimson imp hits you but does no damage.
The crimson imp completely misses you.
You barely miss the crimson imp.
The crimson imp is severely wounded.
You barely miss the crimson imp. You closely miss the crimson imp.
The crimson imp closely misses you.
You closely miss the crimson imp. You tail-slap the crimson imp.
The crimson imp is almost dead.
You slash the crimson imp! You miss the crimson imp. The crimson imp hits you.
* * * LOW HITPOINT WARNING * * *
The crimson imp blinks!
The crimson imp hits you but does no damage.
You closely miss the crimson imp.
The crimson imp is heavily wounded.
You slash the crimson imp!
The crimson imp laughs crazily.
The crimson imp hits you but does no damage.
You barely miss the crimson imp.
The crimson imp is heavily wounded.
You barely miss the crimson imp. You hit the crimson imp.
The crimson imp hits you but does no damage.
The crimson imp hits you with a +1 dagger of chaos.
* * * LOW HITPOINT WARNING * * *
You are electrocuted!
You die...

###>.....................†.
#...............†........##
#..........######.######.#
#.^........# #...# #.#
#..........# ####.# #.#
#..........# .. ## ..#
#..........##.#### ###
#..........5.....#
#.........@5....5#
##...#####5.)....' #...#
#.......# ## #..[#
#.......# #. #...#
#.......# #. #...#
#.......# #. #...#
#........ #. #...#
#........ #. ##### #.


You could see 4 crimson imps.

Vanquished Creatures
  A hound (D:3)
  A dart slug (D:3)
  5 orcs (D:3)
  2 ball pythons (D:3)
  An endoplasm (D:3)
  A giant cockroach (D:3)
  A goblin (D:3)
  3 hobgoblins (D:3)
  A quokka (D:3)
  4 kobolds
20 creatures vanquished.

Notes
Turn   | Place    | Note
-------+----------+-------------------------------------------
     0 | D:1      | nxtlvl the Draconian Berserker began the quest for the Orb.
     0 | D:1      | Reached XP level 1. HP: 19/19 MP: 1/1
   125 | D:3      | Reached XP level 2. HP: 11/26 MP: 2/2
   162 | D:3      | Found a basalt altar of Yredelemnul.
   162 | D:3      | Found an opulent altar of Gozag.
   215 | D:4      | Found Pujib's Weapon Boutique.
   246 | D:3      | Reached skill level 4 in Axes
   257 | D:3      | Reached XP level 3. HP: 8/31 MP: 3/3
   395 | D:3      | Mangled by a crimson imp

Illustrated notes

Levels and vault maps discovered:
D:1:      scummos_arrival_gate, layout_loops_ring, kennysheep_pointless_box,
          chequers_serial_rivers_room_a
D:2:      layout_basic
D:3:      layout_basic, gammafunk_temple_overflow_elements, led_xom_imps
D:4:      layout_rooms, nicolae_tso_carved_into_rock, serial_shops,
          nicolae_shop_overgrown_old_shop, nicolae_stop_n_shop_1, moated_statue

Skill      XL: |  1  2 |
---------------+-------+-----
Axes           | 4 |  4.8
Fighting       | |  3.2
Dodging        | |  2.6

Action                   || total
-------------------------++-------
Melee: Hand axe          ||    66
       Tailslap          ||     8
Invok: Berserk           ||     3
Armor: Skin              ||    17
Dodge: Dodged            ||    33
